AoeStats
← zamithdaniel

Black Forest

509003454Analyzed
3v3 RM · 8d ago on Sep 25, 2026· 66m 29s· 6 players
Game mode
Random Map
Map size
Normal (6 player)
Population
200
Speed
Normal
Resources
Standard
Victory
Conquest
Starting age
Dark Age
Ending age
Imperial Age
RankedLock teamsTeams togetherTeam positionsShared explorationLock speedFull tech treeHidden civsTurbo modeCheats
Victory
Defeat
🇨🇳 Khmer · China
976
+15
🇮🇳 Turks · India
913
+18
🇨🇱 Japanese · Chile
898
+18
🇨🇴 Turks · Colombia
1016
-20
🇨🇴 Persians · Colombia
919
-16
🇨🇴 Teutons · Colombia
909
-15
zamithdaniel
10:30 Feudal Age
11:35 Double-Bit Axe
17:46 Castle Age
16:10 Horse Collar
22:58 Town Watch
24:53 Bow Saw
25:29 Heavy Plow
27:07 Stone Mining
27:10 Gold Mining
31:51 Imperial Age
29:16 Loom
30:13 Wheelbarrow
30:10 Fortified Wall
30:22 Ballistics
30:42 Padded Archer Armor
30:53 Forging
30:49 Scale Barding Armor
34:07 Gold Shaft Mining
36:37 Leather Archer Armor
39:09 Artillery
39:31 Conscription
39:34 Bloodlines
39:26 Husbandry
40:15 Ring Archer Armor
40:20 Iron Casting
40:06 Chain Barding Armor
40:56 Hand Cart
41:07 Elite Janissary
45:15 Blast Furnace
44:51 Plate Barding Armor
edwinsy22
0:33 Loom
11:49 Feudal Age
14:27 Wheelbarrow
13:34 Horse Collar
20:05 Castle Age
19:40 Stone Mining
23:41 Heavy Plow
25:45 Double-Bit Axe
26:13 Kamandaran
26:21 Gold Mining
26:49 Fletching
27:00 Padded Archer Armor
28:22 Bow Saw
29:35 Gold Shaft Mining
29:51 Hand Cart
31:03 Caravan
34:17 Imperial Age
32:11 Scale Barding Armor
32:20 Forging
33:08 Crossbowman
34:26 Stone Shaft Mining
33:42 Heated Shot
34:21 Thumb Ring
34:41 Chain Barding Armor
34:38 Leather Archer Armor
35:45 Chemistry
36:10 Two-Man Saw
36:17 Elite War Elephant
40:42 Plate Barding Armor
49:10 Ballistics
55:13 Town Watch
andres simijaca
7:42 Loom
10:20 Feudal Age
16:37 Castle Age
15:04 Arson
15:25 Horse Collar
16:07 Double-Bit Axe
15:57 Man-at-Arms
16:51 Stone Mining
17:58 Gold Mining
20:49 Heavy Plow
20:25 Long Swordsman
22:40 Stone Shaft Mining
22:58 Bow Saw
24:50 Forging
26:08 Wheelbarrow
26:56 Scale Mail Armor
26:55 Town Watch
27:28 Hand Cart
30:24 Imperial Age
29:03 Chain Mail Armor
29:52 Squires
31:21 Iron Casting
32:33 Onager
34:58 Chemistry
34:15 Caravan
35:19 Ironclad
36:55 Elite Teutonic Knight
38:38 Blast Furnace
38:41 Padded Archer Armor
41:27 Plate Mail Armor
40:43 Siege Onager
42:17 Leather Archer Armor
46:31 Two-Man Saw
46:05 Ring Archer Armor
49:10 Ballistics
50:43 Scale Barding Armor
55:32 Fortified Wall
56:21 Elite Skirmisher
57:35 Fletching
好人有好鲍
6:58 Loom
12:03 Feudal Age
16:49 Castle Age
15:35 Double-Bit Axe
15:33 Horse Collar
15:47 Gold Mining
15:48 Stone Mining
18:32 Bow Saw
22:42 Wheelbarrow
23:47 Heavy Plow
27:29 Bloodlines
27:20 Husbandry
26:41 Light Cavalry
27:39 Forging
27:34 Scale Barding Armor
28:48 Hand Cart
28:19 Town Watch
29:06 Fletching
29:19 Padded Archer Armor
33:34 Imperial Age
34:06 Caravan
35:48 Crop Rotation
36:09 Conscription
35:51 Double Crossbow
35:50 Bodkin Arrow
36:12 Leather Archer Armor
36:33 Iron Casting
36:18 Chain Barding Armor
36:33 Elite Ballista Elephant
39:35 Ballistics
40:16 Chemistry
39:29 Masonry
39:23 Murder Holes
39:51 Siege Engineers
41:14 Architecture
40:48 Bracer
41:59 Blast Furnace
42:07 Plate Barding Armor
42:04 Ring Archer Armor
44:28 Hussar
45:14 Town Patrol
57:54 Elite Battle Elephant
SABISHII
1:21 Loom
14:11 Feudal Age
15:57 Double-Bit Axe
19:56 Castle Age
17:54 Horse Collar
20:09 Gold Mining
20:16 Town Watch
21:22 Bow Saw
28:13 Imperial Age
27:14 Wheelbarrow
29:01 Hand Cart
28:39 Stone Mining
29:27 Gold Shaft Mining
29:13 Padded Archer Armor
32:12 Leather Archer Armor
34:56 Heavy Plow
35:47 Ring Archer Armor
37:40 Caravan
39:43 Two-Man Saw
39:02 Forging
38:52 Scale Mail Armor
39:00 Scale Barding Armor
39:11 Artillery
40:31 Redemption
41:23 Treadmill Crane
42:05 Masonry
42:42 Iron Casting
42:27 Chain Barding Armor
43:31 Conscription
44:12 Coinage
45:05 Town Patrol
45:41 Architecture
45:24 Fortified Wall
45:45 Architecture
46:13 Bloodlines
46:03 Husbandry
49:10 Blast Furnace
48:45 Plate Barding Armor
59:04 Banking
62:14 Heavy Camel Rider
62:58 Fletching
66:57 Bodkin Arrow
mavt
0:28 Loom
11:56 Feudal Age
13:51 Man-at-Arms
14:29 Horse Collar
14:35 Double-Bit Axe
20:01 Castle Age
21:24 Bow Saw
25:45 Long Swordsman
26:11 Gambesons
27:15 Squires
27:59 Caravan
28:26 Heavy Plow
30:26 Wheelbarrow
29:43 Gold Mining
30:50 Fervor
30:41 Pikeman
34:36 Imperial Age
32:24 Forging
32:14 Scale Mail Armor
33:07 Hand Cart
34:39 Gold Shaft Mining
34:45 Iron Casting
34:25 Chain Mail Armor
36:18 Chemistry
34:43 Halberdier
35:45 Block Printing
36:02 Illumination
36:15 Theocracy
35:15 Two-Handed Swordsman
36:59 Blast Furnace
37:15 Two-Man Saw
37:29 Plate Mail Armor
37:52 Kataparuto
37:59 Conscription
37:39 Elite Samurai
39:22 Ballistics
39:13 Champion
62:02 Onager
66:24 Yasama
Connection lost

Rejoining the realm…

Still unreachable

The connection could not be restored.

Session expired

The server has moved on; the page needs a fresh start.